 Dungeon Crawl Stone Soup version 0.27-a0-1548-gf8a67e7463 (webtiles) character file.

Game seed: 18198908624751415438

34 Leszczynek the Skirmisher (level 3, 11/30 HPs)
             Began as a Human Gladiator on July 13, 2021.
             Quit the game on level 2 of the Dungeon.
             The game lasted 00:02:49 (215 turns).

Leszczynek the Skirmisher (Human Gladiator)          Turns: 215, Time: 00:02:50

Health: 11/30      AC:  4    Str: 14    XL:     3   Next: 50%
Magic:  3/3        EV: 12    Int:  9    God:
Gold:   5          SH:  0    Dex: 14    Spells: 2/2 levels left

rFire    . . .     SeeInvis .   a - +0 war axe
rCold    . . .     Faith    .   (no shield)
rNeg     . . .     Spirit   .   g - +0 leather armour
rPois    .         Reflect  .   c - +0 helmet
rElec    .         Harm     .   (no cloak)
rCorr    .         Rampage  .   (no gloves)
Will     .....                  (no boots)
Stlth    +.........             (no amulet)
HPRegen  0.10/turn              (no ring)
MPRegen  0.08/turn              (no ring)

@: no status effects
A: no striking features
a: no special abilities


You were on level 2 of the Dungeon.
You visited 1 branch of the dungeon, and saw 2 of its levels.

You collected 38 gold pieces.
You spent 33 gold pieces at shops.

Inventory:

Hand Weapons
 a - a +0 war axe (weapon)
 b - a +2 short sword of venom
Missiles
 d - 3 throwing nets (quivered)
Armour
 c - a +0 helmet (worn)
 g - a +0 leather armour (worn)
Potions
 e - a potion of heal wounds {unknown}
 f - 2 potions of haste {unknown}
 h - a potion of curing {unknown}


   Skills:
 + Level 3.6 Fighting
 - Level 3.0 Axes
 - Level 2.0 Throwing
 - Level 3.0 Dodging


You had 2 spell levels left.
You didn't know any spells.
Your spell library was empty.

Dungeon Overview and Level Annotations

Branches:
Dungeon (2/15)

Altars:
Ashenzari

Shops:
D:1 *[(


Message History

You swing at nothing.
You feel less wooden.
Your +0 helmet unmelds from your body.
Your +0 leather armour unmelds from your body.
You swing at nothing.
a - a +0 war axe (weapon)
You open the door.
There is an open door here.
Found a short sword.
Jessica the Apprentice Sorceress comes into view.
She is wielding a +0 club.
Jessica shouts!
A ball python comes into view.
Jessica casts a spell.
Jessica seems to speed up.
Your +2 short sword of venom begins to drip with poison!
b - a +2 short sword of venom (weapon)
Jessica hits you with a +0 club. x2
You hit Jessica.
Jessica is moderately wounded.
Jessica gestures wildly while chanting.
Jessica blinks!
Jessica mumbles some strange words.
Jessica blinks!
Jessica says, "I'm really upset."
You hit Jessica but do no damage.
Jessica is poisoned.
Jessica is moderately wounded.
Jessica hits you with a +0 club.
You hit Jessica.
You kill Jessica!
Your Fighting skill increases to level 3!
You have reached level 3!
Your experience leads to an increase in your attributes!
Increase (S)trength, (I)ntelligence, or (D)exterity?
You feel clever.
Things that are here:
a +0 club; a +0 robe; the human corpse of Jessica Your +2 short sword of venom stops dripping with poison.
a - a +0 war axe (weapon)
An adder comes into view.
Are you sure you want to abandon this character and quit the game? (Confirm with "yes".)

#.#).)..##.####
#.#...........#
#.#..#####.##.#
#.#..# .#
#.#..# .#
#.#..# .#
#.#..#####.#
#...........
###@........
#..............
#######.######.
#.# #.# ... ..#
..#


There were no monsters in sight!

Vanquished Creatures
  Jessica (D:2)
  A worm (D:2)
  A hobgoblin (D:1)
  A quokka (D:1)
  A bat (D:1)
  A frilled lizard (D:1)
  A goblin (D:1)
7 creatures vanquished.

Notes
Turn   | Place    | Note
-------+----------+-------------------------------------------
     0 | D:1      | Leszczynek the Human Gladiator began the quest for the Orb.
     0 | D:1      | Reached XP level 1. HP: 16/16 MP: 1/1
    20 | D:1      | Found Gug Xuru's Antique Armour Shop.
    35 | D:1      | Found a faded altar of an unknown god.
    58 | D:1      | Found Togigav's Antique Weapon Shop.
   111 | D:1      | Found Jelausm's General Store.
   117 | D:1      | Bought a potion of lignification for 33 gold pieces
   126 | D:2      | Found a broken altar of Ashenzari.
   128 | D:2      | Ouch! That really hurt!
   136 | D:2      | Reached XP level 2. HP: 14/23 MP: 2/2
   180 | D:2      | Noticed Jessica
   197 | D:2      | Killed Jessica
   198 | D:2      | Reached skill level 3 in Fighting
   198 | D:2      | Reached XP level 3. HP: 9/30 MP: 3/3
   215 | D:2      | Quit the game

Illustrated notes

Levels and vault maps discovered:
D:1:      dpeg_arrival_shelter, layout_loops_ring,
          hellmonk_ecumenical_altar_zigzags, serial_shops, shop, shop, shop,
          nicolae_shop_statue_plus, nicolae_shop_window_shopping
D:2:      layout_basic, basic_altar, uniq_jessica

Skill      XL: |  1  2 |
---------------+-------+-----
Fighting       | 3 |  3.6
Axes           | |  3.0
Throwing       | |  2.0
Dodging        | |  3.0

Action                   || total
-------------------------++-------
Melee: War axe           ||    23
       Short sword       ||     3
  Use: Potion            ||     1
Armor: Leather armour    ||     4
       Skin              ||     3
Dodge: Dodged            ||    17

Table legend: (Time is in decaauts)
 A = Elapsed time spent in this place.
 B = Non-inter-level travel time spent in this place.
 C = Inter-level travel time spent in this place.
 D = Time resting spent in this place.
 E = Time spent auto-exploring this place.
 F = Levels seen in this place.
 G = Mean time per level.
                   A        B        C        D        E       F      G
               +--------+--------+--------+--------+--------+-----+--------+
         Total |    230 |    230 |      0 |      0 |      0 |   2 |  115.0 |
       Dungeon |    230 |    230 |      0 |      0 |      0 |   2 |  115.0 |
               +--------+--------+--------+--------+--------+-----+--------+

Top non-repeatable levels by time:
     D:1: 131 daAuts
     D:2: 99 daAuts
